 Dungeon Crawl Stone Soup version 0.25-a0-613-gf4b266557c (webtiles) character file.

Game seed: 13855652607985517873, levelgen mode: deterministic

195 Mobile the Skirmisher (level 5, 0/39 HPs)
             Began as an Octopode Wanderer on Mar 17, 2020.
             Succumbed to an adder's poison
             ... on level 2 of the Dungeon.
             The game lasted 00:04:32 (2373 turns).

Mobile the Skirmisher (Octopode Wanderer)           Turns: 2373, Time: 00:04:33

Health: 0/39       AC:  1    Str:  7    XL:     5   Next: 74%
Magic:  5/5        EV: 14    Int: 13    God:
Gold:   122        SH:  9    Dex: 16    Spells: 4/4 levels left

rFire    . . .     SeeInvis .   j - +0 dagger (venom)
rCold    . . .     Gourm    .   b - +1 kite shield
rNeg     . . .     Faith    .   (helmet restricted)
rPois    .         Spirit   .   (no amulet)
rElec    .         Reflect  .   h - ring of attention
rCorr    .         Harm     .   q - +2 ring of evasion
MR       .....                  (no ring)
Stlth    ++........             (no ring)
HPRegen  0.13/turn              (no ring)
MPRegen  0.09/turn              (no ring)
                                (no ring)
                                (no ring)

@: lethally poisoned (0 -> -3)
A: almost no armour, stealthy swim, amphibious, 8 rings, constrict 8, antennae
1, camouflage 1, weak 1, gelatinous body 1
a: no special abilities


You were on level 2 of the Dungeon.
You were not hungry.

You visited 1 branch of the dungeon, and saw 2 of its levels.

You collected 122 gold pieces.

Inventory:

Hand Weapons
 a - a +0 falchion
 c - a +0 spear
 d - a +0 dagger
 j - a +0 dagger of venom (weapon)
 o - a cursed +0 whip
Missiles
 k - 3 throwing nets (quivered)
Armour
 b - a +1 kite shield (worn)
Jewellery
 h - a ring of attention (left tentacle)
 p - a +2 ring of strength
 q - a +2 ring of evasion (right tentacle)
Scrolls
 e - 3 scrolls of remove curse
 g - a scroll of enchant armour
 i - a scroll of teleportation {unknown}
 l - a scroll of identify
 m - a scroll of fog {unknown}
 n - a scroll of enchant weapon {unknown}
Comestibles
 f - 3 rations


   Skills:
 + Level 5.5 Fighting
 - Level 3.0 Dodging
 - Level 2.6 Stealth
 + Level 3.8 Shields


You had 4 spell levels left.
You didn't know any spells.
Your spell library was empty.

Dungeon Overview and Level Annotations

Branches:
Dungeon (2/15)

Altars:
Nemelex Xobeh
Qazlal

Annotations:
D:2 1 transporter


Innate Abilities, Weirdness & Mutations

You cannot wear most types of armour.
You are very stealthy in the water. (Stealth+)
You are amphibious.
You can wear up to eight rings at the same time.
You can use your tentacles to constrict eight enemies at once.
Your skin changes colour to match your surroundings (Stealth+).
Your rubbery body absorbs attacks. (AC +1, EV +1)
You have a pair of small antennae on your head.
You are weak. (Str -2)


Message History

Your +0 kite shield glows green for a moment.
The bat zombie completely misses you. You block the bat zombie's attack.
You barely miss the bat zombie. You grab the bat zombie.
You squeeze the bat zombie.
The bat zombie is heavily damaged.
You constrict the bat zombie.
* * * LOW HITPOINT WARNING * * *
You feel sick. The bat zombie barely misses you.
You block the bat zombie's attack. The bat zombie barely misses you.
The bat zombie hits you but does no damage.
You release your grip on the bat zombie.
The bat zombie misses you. The bat zombie hits you.
* * * LOW HITPOINT WARNING * * *
The bat zombie misses you.
You hit the bat zombie.
You destroy the bat zombie!
As you read the scroll labeled KOM KOMMAOPP, it crumbles to dust.
It is a scroll of identify.
p - a +2 ring of strength You die...

...............©.......##
##)
#####.###..#########....####
##.. #.#
#.##8.....8##.#....###..#
#.#
#.#.........#...##.##..##
###.#
#.#.#..©..#.#.####.#..#'#
#...# #.#..#...#?.#.#
#...###. #.###
#.#........©#.# #..###._ #.#
#.#..#...#..#.####...###.
#.#
#.#.#...@.#.#.#.......###
#.#
#.#..))$....#.#.##.#...##
#÷#
#.##8$._.$8##.#.##.#....#
#.#
#..#########.............
#.#
##.....©.....##.##.#..#..
#.####
#####...######.##<#..#.#
#....# #..## #.........#
####.## ##.## ###.#.#.###
##...## #..# #####.#.....#


There were no monsters in sight!

Vanquished Creatures
  A scorpion (D:2)
  Robin (D:2)
  5 adders (D:2)
  3 worms (D:2)
  3 dart slugs
  A leopard gecko (D:1)
  A ball python (D:2)
  A bat zombie (D:2)
  6 giant cockroaches (D:1)
  18 goblins
  6 hobgoblins
  7 jackals
  5 kobolds
  A quokka (D:2)
  5 bats
  3 frilled lizards
  A leopard gecko skeleton (D:2)
  5 rats
73 creatures vanquished.

Notes
Turn   | Place    | Note
-------+----------+-------------------------------------------
     0 | D:1      | Mobile the Octopode Wanderer began the quest for the Orb.
     0 | D:1      | Mobile set off with the following items: a +0 falchion, a
                  | +0 kite shield, a +0 spear, a +0 dagger, a ration
     0 | D:1      | Reached XP level 1. HP: 17/17 MP: 1/1
   119 | D:1      | Reached XP level 2. HP: 15/22 MP: 2/2
   696 | D:1      | Reached XP level 3. HP: 26/27 MP: 3/3
  1083 | D:2      | Noticed Robin
  1104 | D:2      | Killed Robin
  1104 | D:2      | Reached XP level 4. HP: 21/34 MP: 4/4
  1438 | D:2      | Reached skill level 5 in Fighting
  1453 | D:2      | Found a sparkling altar of Nemelex Xobeh.
  1593 | D:2      | Found a transporter.
  1597 | D:2      | Found a transporter.
  1597 | D:2      | Found a stormy altar of Qazlal.
  1768 | D:2      | Reached XP level 5. HP: 30/39 MP: 5/5
  2364 | D:2      | Gained mutation: You are weak. (Str -2) [potion of
                  | mutation]
  2364 | D:2      | Gained mutation: You have a pair of small antennae on your
                  | head. [potion of mutation]
  2371 | D:2      | HP: 1/39 [bat zombie (1)]
  2373 | D:2      | Succumbed to an adder's poison

Levels and vault maps discovered:
D:1:      psy_arrival_dodecagon, layout_basic
D:2:      layout_loops_ring, gammafunk_temple_overflow_arena,
          nicolae_overflow_hidden_temple, nemelex_diamond_rough_becter,
          uniq_robin

Skill      XL: |  1  2  3  4 |
---------------+-------------+-----
Shields        | 2 3 |  3.8
Fighting       | 5 |  5.5
Dodging        | |  3.0
Stealth        | |  2.6

Action                   |  1- 3 |  4- 6 || total
-------------------------+-------+-------++-------
Melee: Falchion          |    47 |       ||    47
       Constrict         |    27 |    25 ||    52
       Tentacles         |    16 |    19 ||    35
       Dagger            |    31 |    87 ||   118
  Use: Scroll            |       |     3 ||     3
       Potion            |       |     1 ||     1
 Stab: Sleeping          |     5 |     6 ||    11
  Eat: Chunk             |     1 |     4 ||     5
Armor: Skin              |    12 |    12 ||    24
Dodge: Dodged            |    36 |    60 ||    96
Block: Kite shield       |    24 |    54 ||    78
       Rpst.: Falchion   |     6 |       ||     6

Table legend:
 A = Non-vault XP
 B = Vault XP
 C = Vault XP percentage of total XP
 D = Non-vault monster count
 E = Vault monster count
 F = Vault count percentage of total count
                 A         B        C        D         E       F
            +---------+---------+-------+---------+---------+-------
      Total |     165 |     114 |  40.9 |      59 |      14 |  19.2
            +---------+---------+-------+---------+---------+-------
        D:1 |      49 |       0 |   0.0 |      27 |       0 |   0.0
        D:2 |     116 |     114 |  49.6 |      32 |      14 |  30.4
            +---------+---------+-------+---------+---------+-------
